 Dungeon Crawl Stone Soup version 0.20.1-1-g8b1a95d (webtiles) character file.

100 slep the Shield-Bearer (level 4, -2/40 HPs)
             Began as a Minotaur Fighter on Oct 30, 2017.
             Slain by a gnoll
             ... wielding a +0 spear
              (4 damage)
             ... on level 3 of the Dungeon.
             The game lasted 00:06:43 (2195 turns).

slep the Shield-Bearer (Minotaur Fighter)           Turns: 2195, Time: 00:06:47

Health: -2/40      AC:  7    Str: 21    XL:     4   Next: 47%
Magic:  3/3        EV:  8    Int:  5    God:
Gold:   87         SH:  9    Dex: 10    Spells: 3/3 levels left

rFire    . . .     SeeInvis .   a - +0 long sword
rCold    . . .     Gourm    .   c - +0 shield
rNeg     . . .     Faith    .   b - +0 scale mail
rPois    +         Spirit   .   (helmet restricted)
rElec    .         Reflect  .   (no cloak)
rCorr    .         Harm     .   (no gloves)
MR       .....                  (no boots)
Stlth    ..........             (no amulet)
Regen    0.2/turn               e - ring of poison resistance
MPRegen  0.1/turn               (no ring)

@: no status effects
A: retaliatory headbutt, horns 2
a: no special abilities


You were on level 3 of the Dungeon.
You were very hungry.

You visited 1 branch of the dungeon, and saw 3 of its levels.

You collected 87 gold pieces.

Inventory:

Hand Weapons
 a - a +0 long sword (weapon)
Armour
 b - a +0 scale mail (worn)
 c - a +0 shield (worn)
Jewellery
 e - a ring of poison resistance (left hand)
Scrolls
 g - a scroll of teleportation {unknown}
 i - 3 scrolls of identify {unknown}
 j - a scroll of recharging {unknown}
 k - a scroll of enchant armour {unknown}
 m - a scroll of enchant weapon {unknown}
 n - a scroll of magic mapping {unknown}
 r - a scroll of noise {unknown}
 s - a scroll of remove curse {unknown}
Potions
 d - 2 potions of might
 h - 2 potions of lignification {unknown}
 l - 3 potions of curing {unknown}
 o - a potion of ambrosia {unknown}
 p - a potion of flight {unknown}
Comestibles
 f - a bread ration
 q - a meat ration


   Skills:
 + Level 4.2 Fighting
 + Level 3.6 Long Blades
 + Level 4.3 Armour
 + Level 0.9 Dodging
 + Level 4.4 Shields


You had 3 spell levels left.
You didn't know any spells.

Dungeon Overview and Level Annotations

Branches:
Dungeon (3/15)

Altars:
Gozag

Annotations:
D:3 slep's ghost, amateur TrAK


Innate Abilities, Weirdness & Mutations

You reflexively headbutt those who attack you in melee.
You have a pair of horns on your head.


Message History

You kill the gnoll!
You block the gnoll's attack.
The gnoll hits you from afar with a spear.
You block the gnoll's attack.
There is a stone staircase leading up here.
You block the gnoll's attack. The gnoll closely misses you.
There is a stone staircase leading up here.
You hit the gnoll.
The gnoll is moderately wounded.
The gnoll hits you with a spear. The gnoll hits you but does no damage.
The gnoll completely misses you.
You riposte.
You hit the gnoll.
The gnoll is severely wounded.
You hit the gnoll. Your headbutt misses the gnoll.
The gnoll is almost dead.
The gnoll hits you from afar with a spear.
* * * LOW HITPOINT WARNING * * *
You block the gnoll's attack. The gnoll hits you with a spear.
* * * LOW HITPOINT WARNING * * *
The gnoll hits you from afar with a spear.
You die...

.........# #...# ......#
.......[.# #...# ......##
.........#####...##### ###.#..)
......<................#......รท
...........................#..#
...........)...........#.#.#..#
g........#####gg.#####.......o#
.........# #g..# #.......{.
##.####### #@..# ###..###.# #.
#...# #.. ...# # #...# ......!##
##..... ..##.##. ..#####. #. #.
..# # #. .> ..# #. ... #.##


You could see 3 gnolls.

Vanquished Creatures
  A gnoll (D:3)
  3 adders (D:2)
  An ooze (D:2)
  3 worms
  4 dart slugs
  An orc (D:3)
  5 bats
  A giant cockroach (D:1)
  5 goblins
  5 hobgoblins
  3 jackals (D:3)
  3 kobolds
  A quokka (D:3)
  A frilled lizard (D:1)
  6 rats
43 creatures vanquished.

Notes
Turn   | Place    | Note
-------+----------+-------------------------------------------
     0 | D:1      | slep the Minotaur Fighter began the quest for the Orb.
     0 | D:1      | Reached XP level 1. HP: 19/19 MP: 0/0
    93 | D:1      | Reached XP level 2. HP: 27/27 MP: 1/1
   850 | D:2      | Found an opulent altar of Gozag.
   895 | D:2      | Reached XP level 3. HP: 33/33 MP: 2/2
  1381 | D:2      | Reached XP level 4. HP: 38/40 MP: 3/3
  1559 | D:3      | Noticed slep's ghost (amateur TrAK)
  1583 | D:3      | HP: 2/40 [slep's ghost (2)]
  2195 | D:3      | HP: 2/40 [gnoll/spear (5)]
  2195 | D:3      | Slain by a gnoll

Skill      XL: |  1  2  3 |
---------------+----------+-----
Shields        | 4 |  4.4
Armour         | 4 |  4.3
Long Blades    | 3 |  3.6
Fighting       | 4 |  4.2
Dodging        | |  0.9

Action                   |  1- 3 |  4- 6 || total
-------------------------+-------+-------++-------
Melee: Long sword        |    84 |    28 ||   112
       Headbutt          |    12 |     3 ||    15
  Eat: Chunk             |     2 |     1 ||     3
Armor: Scale mail        |    32 |     6 ||    38
Dodge: Dodged            |    21 |    18 ||    39
Block: Shield            |    46 |    20 ||    66
       Rpst.: Long sword |     3 |     3 ||     6
